 Dungeon Sprint DCSS version 0.23-a0-636-g0ff6057 (webtiles) character file.

54863 Lanoc the Minotaur Blade (level 14, -2/146 HPs)
             Began as a Minotaur Monk on Dec 28, 2018.
             Was the Champion of Makhleb.
             Shot with a bolt by a yaktaur captain (23 damage)
             ... in the Dungeon (Sprint IX: "|||||||||||||||||||||||||||||").
             The game lasted 00:21:57 (4364 turns).

Lanoc the Minotaur Blade (Minotaur Monk)            Turns: 4364, Time: 00:21:58

Health: -2/146     AC: 26    Str: 20    XL:     14   Next: 36%
Magic:  24/24      EV: 27    Int:  7    God:    Makhleb [******]
Gold:   802        SH:  0    Dex: 19    Spells: 13/13 levels left

rFire    + . .     SeeInvis .   n - +2 scimitar (flame)
rCold    . . .     Gourm    .   (no shield)
rNeg     . . .     Faith    .   A - +0 shadow dragon scales
rPois    .         Spirit   .   (helmet restricted)
rElec    .         Reflect  .   a - +0 cloak
rCorr    .         Harm     .   v - +0 pair of gloves
MR       +....     NoTele   +   p - +2 pair of boots {Stlth+}
Stlth    ++++......             (no amulet)
HPRegen  0.34/turn              o - ring of protection from fire
MPRegen  0.19/turn              r - +2 ring of evasion

@: confused, agile, lethally poisoned (-2 -> -72)
A: retaliatory headbutt, horns 2
a: Minor Destruction, Lesser Servant of Makhleb, Major Destruction, Greater
Servant of Makhleb, Renounce Religion


You were in the Dungeon.
You worshipped Makhleb.
Makhleb was exalted by your worship.
You were not hungry.

You visited 1 branch You collected 1911 gold pieces.
You spent 1109 gold pieces at shops.

Inventory:

Hand Weapons
 n - a +2 scimitar of flaming (weapon)
 z - a +1 falchion of freezing
Missiles
 q - 39 javelins of returning (quivered)
Armour
 a - a +0 cloak (worn)
 p - a +2 pair of boots of stealth (worn)
 v - a +0 pair of gloves (worn)
 A - +0 shadow dragon scales (worn)
Jewellery
 o - a ring of protection from fire (left hand)
 r - a +2 ring of evasion (right hand)
Wands
 m - a wand of acid (10)
Scrolls
 i - 5 scrolls of blinking
 k - 5 scrolls of remove curse
 l - 2 scrolls of amnesia
 s - 4 scrolls of enchant weapon
 t - a scroll of fog
 u - 4 scrolls of identify
 C - a scroll of enchant armour
 I - a scroll of fear
Potions
 e - a potion of brilliance
 f - 3 potions of haste
 g - 5 potions of magic
 j - a potion of mutation
Comestibles
 c - 11 rations


   Skills:
 + Level 19.3 Fighting
 * Level 25.5 Long Blades
 + Level 19.1 Armour
 + Level 18.0 Dodging
 - Level 1.5 Stealth
 + Level 15.3 Invocations


You had 13 spell levels left.
You didn't know any spells.
Your spell library was empty.

Dungeon Overview and Level Annotations

Branches:
Dungeon (1/1)

Altars:
Cheibriados
Dithmenos
Elyvilon
Fedhas
Gozag
Hepliaklqana
Kikubaaqudgha
Makhleb
Nemelex Xobeh
Okawaru
Qazlal
Ru
Sif Muna
Trog
Uskayaw
Vehumet
Wu Jian
Xom
Yredelemnul
Zin
The Shining One
Beogh
Jiyva
Lugonu

Shops:
D (}?*


Innate Abilities, Weirdness & Mutations

You reflexively headbutt those who attack you in melee.
You have a pair of horns on your head.


Message History

The ogre mage gestures wildly while chanting.
The ogre mage blinks!
You completely miss the green draconian monk.
The green draconian monk is severely wounded.
* * * LOW HITPOINT WARNING * * *
You feel very sick. The naga barely misses you.
You slash the green draconian monk! You burn the green draconian monk.
Your headbutt misses the green draconian monk.
The green draconian monk is almost dead.
* * * LOW HITPOINT WARNING * * *
You feel very sick.
The green draconian monk hits you but does no damage.
The green draconian monk closely misses you.
The green draconian monk tail-slaps you.
* * * LOW HITPOINT WARNING * * *
The green draconian monk tail-slaps you but does no damage.
The ogre mage mumbles some strange words.
The ogre mage blinks!
The yaktaur captain shoots a bolt.
The bolt hits you!!
You die...

,*,*,*,*,*,*,*,*,▓.♣.♣.▓)▓.▓)▓.▓†
,*,*,*,*,*,*,*,▓O▓.♣.♣.▓'▓.▓)▓.▓.
,*,*,*,*,*,*,*,▓p▓.♣.♣.▓=▓.▓)▓.▓†
,*,*,*,*,*,*,*,▓O▓.♣.♣.▓.▓.▓)▓.▓.
,*,*,*,*,*,*,*,▓W▓.♣.♣.▓.▓.▓.▓.▓.
,*,*,*,*,*,*,*,▓H▓.♣.♣.▓.▓.▓.▓.▓.
,*,*,*,*,*,*,*,▓c▓.♣.♣.▓(▓.▓.▓.▓.
,*,*+*,*,*,*,*,▓)▓.♣.♣.▓.▓.▓.▓)▓.
,*,*,*,*+*,*,*,▓@▓.♣'♣.▓.▓.▓.▓.▓.
,*,*,*,*,*,*,*,▓q▓.▓)▓.▓.▓.▓.▓.▓.
,*,*,*,*,*,*,*,▓N▓.▓.▓.▓.▓.▓.▓.▓÷
,*,*,*,*,*,*,*,▓.▓.▓.▓.▓.▓.▓.▓.▓†
,*,*,*,*,*,*,*,▓.▓.▓.▓.▓.▓.▓)▓.▓÷
,*,*,*,*,*,*,*,▓.▓.▓.▓.▓[▓.▓)▓.▓.
,*,*,*,*,*,*,*,▓.▓.▓.▓.▓.▓.▓)▓.▓†
,*,*,*,*,*,*,*,▓.▓.▓.▓.▓.▓.▓)▓.▓†
,*,*,*,*,*,*,*,▓.▓.▓.▓.▓[▓.▓'▓.▓÷


You could see a green draconian monk, a yaktaur captain, 2 ogre magi, an
ironbrand convoker, a harpy, a wraith and a naga.

Vanquished Creatures
  Rupert (D)
  A tengu reaver (D)
  Agnes (D)
  A ghost moth (D)
  An emperor scorpion (D)
  A very ugly thing (D)
  2 stone giants (D)
  Snorg (D)
  A spark wasp (D)
  3 merfolk javelineers (D)
  3 fire dragons (D)
  A great orb of eyes (D)
  Josephine (D)
  3 ice dragons (D)
  3 rakshasas (D)
  An ogre mage (D)
  2 hydras (D)
  Erica (D)
  2 centaur warriors (D)
  An alligator (D)
  4 death yaks (D)
  A deep troll shaman (D)
  A catoblepas (D)
  A shock serpent (D)
  2 tengu warriors (D)
  2 vampire magi (D)
  A deep troll earth mage (D)
  6 orc high priests (D)
  2 sea snakes (D)
  2 swamp dragons (D)
  A spriggan druid (D)
  An ironbrand convoker (D)
  An orc knight (D)
  2 orb spiders (D)
  A wolf spider (D)
  An ugly thing (D)
  A deep elf mage (D)
  A cyclops (D)
  A manticore (D)
  A merfolk siren (D)
  A water nymph (D)
  4 naga magi (D)
  3 black mambas (D)
  2 gargoyles (D)
  3 spiny frogs (D)
  2 yaktaurs (D)
  A komodo dragon (D)
  A demonic crawler (D)
  A tengu conjurer (D)
  A troll (D)
  A jumping spider (D)
  A tyrant leech (D)
  2 blink frogs (D)
  A hippogriff (D)
  2 redbacks (D)
  A water elemental (D)
  5 wraiths (D)
  4 yaks (D)
  2 nagas (D)
  3 water moccasins (D)
  An acid dragon (D)
  A swamp drake (D)
  2 porcupines (D)
  A sky beast (D)
  12 orc warriors (D)
  A wolf (D)
  A centaur (D)
  A phantom (D)
  A crocodile (D)
  5 bullfrogs (D)
  9 orc priests (D)
  A jelly (D)
  4 orc wizards (D)
  An iguana (D)
  2 worker ants (D)
  2 adder zombies (D)
  An adder skeleton (D)
  A dart slug (D)
  8 orcs (D)
  A bat zombie (D)
  A goblin (D)
  A frilled lizard (D)
  A giant cockroach simulacrum (D)
  A giant cockroach zombie (D)
  2 rats (D)
167 creatures vanquished.

Notes
Turn   | Place    | Note
-------+----------+-------------------------------------------
     0 | D        | Lanoc the Minotaur Monk began the quest for the Orb.
     0 | D        | Reached XP level 1. HP: 19/19 MP: 0/0
     7 | D        | Reached skill level 4 in Long Blades
    11 | D        | Reached skill level 1 in Armour
   116 | D        | Noticed a worker ant
   116 | D        | Noticed a worker ant
   116 | D        | Noticed an iguana
   116 | D        | Noticed a sky beast
   122 | D        | Killed a sky beast
   122 | D        | Reached skill level 5 in Fighting
   122 | D        | Reached skill level 7 in Long Blades
   122 | D        | Reached skill level 5 in Dodging
   122 | D        | Reached XP level 2. HP: 27/30 MP: 1/1
   122 | D        | Reached XP level 3. HP: 34/37 MP: 2/2
   122 | D        | Reached XP level 4. HP: 40/44 MP: 3/3
   125 | D        | Reached skill level 8 in Long Blades
   129 | D        | Reached skill level 5 in Armour
   129 | D        | Reached XP level 5. HP: 43/51 MP: 4/4
   133 | D        | Reached skill level 9 in Long Blades
   143 | D        | Found a roughly hewn altar of Beogh.
   143 | D        | Found a snail-covered altar of Cheibriados.
   143 | D        | Found a shadowy altar of Dithmenos.
   143 | D        | Found a white marble altar of Elyvilon.
   143 | D        | Found a blossoming altar of Fedhas.
   143 | D        | Found an opulent altar of Gozag.
   144 | D        | Found a hazy altar of Hepliaklqana.
   145 | D        | Found a viscous altar of Jiyva.
   146 | D        | Found an ancient bone altar of Kikubaaqudgha.
   147 | D        | Found a corrupted altar of Lugonu.
   148 | D        | Found a burning altar of Makhleb.
   149 | D        | Found a sparkling altar of Nemelex Xobeh.
   150 | D        | Found an iron altar of Okawaru.
   151 | D        | Found a stormy altar of Qazlal.
   152 | D        | Found a sacrificial altar of Ru.
   153 | D        | Found a deep blue altar of Sif Muna.
   154 | D        | Found a bloodstained altar of Trog.
   155 | D        | Found a hide-covered altar of Uskayaw.
   156 | D        | Became a worshipper of Makhleb the Destroyer
   156 | D        | Reached * piety under Makhleb
   156 | D        | Reached ** piety under Makhleb
   157 | D        | Found a radiant altar of Vehumet.
   158 | D        | Found an ornate altar of the Wu Jian Council.
   159 | D        | Found a shimmering altar of Xom.
   160 | D        | Found a basalt altar of Yredelemnul.
   161 | D        | Found a glowing silver altar of Zin.
   162 | D        | Found a glowing golden altar of the Shining One.
   328 | D        | Noticed a phantom
   328 | D        | Noticed a troll
   328 | D        | Noticed a centaur
   328 | D        | Noticed a wraith
   337 | D        | Killed a wraith
   337 | D        | Reached skill level 10 in Long Blades
   337 | D        | Reached XP level 6. HP: 60/61 MP: 5/5
   339 | D        | Reached skill level 11 in Long Blades
   343 | D        | Reached *** piety under Makhleb
   347 | D        | Killed a troll
   347 | D        | Reached skill level 12 in Long Blades
   347 | D        | Reached XP level 7. HP: 70/70 MP: 6/6
   380 | D        | Reached skill level 1 in Invocations
   381 | D        | Reached **** piety under Makhleb
   388 | D        | Reached skill level 13 in Long Blades
   391 | D        | Reached ***** piety under Makhleb
   521 | D        | Noticed a spiny frog
   521 | D        | Noticed a komodo dragon
   521 | D        | Noticed a hippogriff
   526 | D        | Reached skill level 10 in Fighting
   526 | D        | Reached XP level 8. HP: 79/79 MP: 8/8
   527 | D        | Noticed a four-headed hydra
   535 | D        | Killed a hippogriff
   537 | D        | Killed a komodo dragon
   537 | D        | Reached skill level 14 in Long Blades
   537 | D        | Reached skill level 10 in Armour
   538 | D        | Noticed a blink frog
   542 | D        | Killed a one-headed hydra
   542 | D        | Reached skill level 10 in Dodging
   542 | D        | Reached XP level 9. HP: 84/89 MP: 8/11
   547 | D        | Killed a spiny frog
   547 | D        | Reached skill level 15 in Long Blades
   547 | D        | Reached skill level 5 in Invocations
   553 | D        | Reached ****** piety under Makhleb
   583 | D        | Noticed a catoblepas
   593 | D        | Noticed a black mamba
   604 | D        | Killed a catoblepas
   604 | D        | Reached skill level 16 in Long Blades
   626 | D        | Killed a black mamba
   626 | D        | Reached XP level 10. HP: 64/99 MP: 14/14
   777 | D        | Noticed a death yak
   777 | D        | Noticed a death yak
   777 | D        | Noticed a death yak
   781 | D        | Noticed a death yak
   785 | D        | Killed a death yak
   785 | D        | Reached skill level 17 in Long Blades
   797 | D        | Killed a death yak
   807 | D        | Killed a death yak
   822 | D        | Killed a death yak
   828 | D        | Reached skill level 18 in Long Blades
   893 | D        | Noticed Erica
   908 | D        | Killed Erica
   908 | D        | Reached XP level 11. HP: 108/108 MP: 16/16
   926 | D        | Noticed Josephine
   935 | D        | Killed Josephine
  1119 | D        | Noticed an orc knight
  1127 | D        | Reached skill level 19 in Long Blades
  1153 | D        | Killed an orc knight
  1154 | D        | HP: 3/111 [orc warrior/+0 battleaxe (23)]
  1164 | D        | Reached skill level 10 in Invocations
  1417 | D        | Found Vagiz's Assorted Antiques.
  1417 | D        | Noticed an orc high priest
  1424 | D        | Found Biomie's Magic Scroll Shop.
  1432 | D        | Noticed a sun demon
  1434 | D        | Killed an orc high priest
  1439 | D        | Found Lesoicsi's Gadget Boutique.
  1457 | D        | Noticed an orc high priest
  1458 | D        | Found Vikael's Antique Weapon Shop.
  1458 | D        | Noticed an orc high priest
  1460 | D        | Noticed an orc high priest
  1460 | D        | Noticed an orc high priest
  1465 | D        | Noticed a sixfirhy
  1465 | D        | Killed an orc high priest
  1470 | D        | Killed an orc high priest
  1474 | D        | Noticed a sixfirhy
  1476 | D        | Killed an orc high priest
  1486 | D        | Noticed an orc high priest
  1491 | D        | Killed an orc high priest
  1491 | D        | Reached skill level 15 in Fighting
  1491 | D        | Reached skill level 20 in Long Blades
  1499 | D        | Killed an orc high priest
  1517 | D        | Bought a pair of embroidered boots for 165 gold pieces
  1517 | D        | Bought a blackened beryl amulet for 110 gold pieces
  1517 | D        | Bought a scroll labeled QEODOU LUD FOVUE for 22 gold pieces
  1517 | D        | Bought a potion of heal wounds for 110 gold pieces
  1517 | D        | Bought a twisted ring mail for 198 gold pieces
  1517 | D        | Bought a scroll of identify for 44 gold pieces
  1517 | D        | Bought a scroll of identify for 44 gold pieces
  1517 | D        | Bought a potion of curing for 66 gold pieces
  1519 | D        | Bought a scroll of identify for 22 gold pieces
  1519 | D        | Bought a scroll of magic mapping for 38 gold pieces
  1519 | D        | Bought a scroll of identify for 22 gold pieces
  1519 | D        | Bought a scroll of blinking for 82 gold pieces
  1519 | D        | Bought a scroll of enchant armour for 82 gold pieces
  1519 | D        | Bought a scroll of blinking for 82 gold pieces
  1519 | D        | Bought a scroll of identify for 22 gold pieces
  1558 | D        | Identified the +1 ring mail of Dauke {Str+2} (You bought it
                  | in a shop in the Dungeon)
  1793 | D        | Noticed a centaur warrior
  1793 | D        | Noticed a deep elf mage
  1793 | D        | Noticed a cyan ugly thing
  1806 | D        | Killed a cyan ugly thing
  1806 | D        | Reached XP level 12. HP: 103/121 MP: 19/19
  1807 | D        | Reached skill level 15 in Armour
  1814 | D        | Noticed a tengu warrior
  1819 | D        | Noticed a great orb of eyes
  1821 | D        | Killed a centaur warrior
  1821 | D        | Noticed a deep troll earth mage
  1824 | D        | Noticed a vampire mage
  1854 | D        | Killed a tengu warrior
  1858 | D        | Killed a great orb of eyes
  1858 | D        | Reached skill level 21 in Long Blades
  1873 | D        | Killed a deep troll earth mage
  1880 | D        | Killed a vampire mage
  1899 | D        | Noticed a stone giant
  1901 | D        | Noticed a deep troll shaman
  1920 | D        | Killed a stone giant
  1920 | D        | Reached skill level 15 in Dodging
  1925 | D        | Killed a deep troll shaman
  2130 | D        | Noticed Agnes
  2142 | D        | Killed Agnes
  2304 | D        | Noticed Rupert
  2304 | D        | Paralysed by Rupert for 3 turns
  2325 | D        | HP: 5/122 [Rupert/+2 great mace of protection (23)]
  2333 | D        | Killed Rupert
  2333 | D        | Reached skill level 22 in Long Blades
  2579 | D        | Noticed a merfolk javelineer
  2579 | D        | Noticed a merfolk javelineer
  2586 | D        | Noticed a merfolk javelineer
  2595 | D        | Killed a merfolk javelineer
  2600 | D        | Reached XP level 13. HP: 108/130 MP: 21/21
  2617 | D        | Killed a merfolk javelineer
  2635 | D        | Killed a merfolk javelineer
  2736 | D        | Noticed a spark wasp
  2755 | D        | Killed a ghost moth
  2755 | D        | Reached skill level 23 in Long Blades
  2777 | D        | Killed a spark wasp
  3365 | D        | Reached skill level 24 in Long Blades
  3565 | D        | Noticed an emperor scorpion
  3594 | D        | Killed an emperor scorpion
  3835 | D        | Noticed Snorg
  3848 | D        | Killed Snorg
  3900 | D        | Noticed a tengu reaver
  3900 | D        | Noticed a fire dragon
  3915 | D        | Killed a fire dragon
  3942 | D        | Killed a tengu reaver
  3942 | D        | Reached XP level 14. HP: 112/144 MP: 23/23
  3951 | D        | Noticed a stone giant
  3953 | D        | Noticed a stone giant
  3987 | D        | Killed a stone giant
  3987 | D        | Reached skill level 25 in Long Blades
  3991 | D        | Noticed a green very ugly thing
  4022 | D        | HP: 3/146 [white very ugly thing (42)]
  4027 | D        | Killed a white very ugly thing
  4027 | D        | Reached skill level 15 in Invocations
  4042 | D        | HP: 7/146 [fire dragon (5)]
  4350 | D        | Noticed a green draconian monk
  4364 | D        | Shot with a bolt by a yaktaur captain

Vault maps used:
D:        linesprint

Skill      XL: |  1  2  3  4  5  6  7  8  9 10 11 12 13 14 |
---------------+-------------------------------------------+-----
Long Blades    | 7 8 10 12 13 14 16 18 20 22 24 25 | 25.5
Armour         | 4 5 6 8 9 10 12 13 14 16 18 19 | 19.1
Fighting       | 5 6 8 9 10 11 12 13 15 16 18 19 | 19.3
Dodging        | 5 6 7 8 9 10 11 12 14 15 17 18 | 18.0
Invocations    | 2 4 7 9 10 12 14 15 | 15.3
Stealth        | |  1.5

Action                   |  1- 3 |  4- 6 |  7- 9 | 10-12 | 13-15 || total
-------------------------+-------+-------+-------+-------+-------++-------
Melee: Falchion          |    13 |     8 |       |       |       ||    21
       Headbutt          |     4 |     6 |    19 |   104 |    83 ||   216
       Scimitar          |       |    16 |    69 |   381 |   349 ||   815
  Use: Potion            |     2 |       |     1 |     6 |    13 ||    22
       Scroll            |       |       |       |     5 |       ||     5
 Stab: Sleeping          |     1 |       |       |     2 |     2 ||     5
       Distracted        |     1 |       |       |       |     1 ||     2
       Invisible         |       |       |     1 |       |       ||     1
  Eat: Chunk             |       |       |       |     6 |     3 ||     9
       Ration            |       |       |       |       |     1 ||     1
Armor: Robe              |     1 |     2 |       |       |       ||     3
       Chain mail        |       |    11 |    32 |    47 |       ||    90
       Shadow dragon sca |       |       |       |    41 |   217 ||   258
Dodge: Dodged            |     5 |    18 |    37 |   158 |   272 ||   490
       Rpst.: Falchion   |     1 |     1 |       |       |       ||     2
       Scimitar          |       |     5 |    11 |    36 |    29 ||    81

Table legend:
 A = Non-vault XP
 B = Vault XP
 C = Vault XP percentage of total XP
 D = Non-vault monster count
 E = Vault monster count
 F = Vault count percentage of total count
                 A         B        C        D         E       F
            +---------+---------+-------+---------+---------+-------
      Total |       0 |   78377 | 100.0 |       0 |     167 | 100.0
            +---------+---------+-------+---------+---------+-------
          D |       0 |   78377 | 100.0 |       0 |     167 | 100.0
            +---------+---------+-------+---------+---------+-------
